Map: Lerilak Crest

Players

Javert

  • Race: Zerg Zerg
  • League: Gold

Fett - Winner!

  • Race: Terran Terran
  • League: Gold

VOD

Have the link to the VOD?

Description

Time

  • Played on: Sept. 17, 2015, 11:12 p.m.
  • Length: 9:08
Show
View Real Time Build Order
Export as new Build Order

Javert Zerg 

Build Orders: Hatch First 

Get SALT Encoding   

  12  0:01  Drone  
  13  0:12  Overlord  
  13  0:17  Drone  
  14  0:31  Drone x2  
  14  0:35  Drone  
  17  0:54  Hatchery  
  16  0:57  Drone  
  17  1:04  Drone  
  18  1:11  Extractor  
  18  1:12  Drone  
  18  1:21  Drone  
  18  1:22  Spawning Pool  
  18  1:28  Drone  
  19  1:42  Drone  
  20  1:51  Drone  
  21  2:06  Overlord  
  21  2:10  Queen x2  
  21  2:11  Metabolic Boost  
  25  2:17  Zergling x6  
  28  2:26  Drone  
  28  2:29  Drone  
  30  2:42  Drone  
  31  2:45  Drone  
  31  2:50  Hatchery  
  31  2:52  Drone x2  
  33  3:01  Drone x2  
  35  3:19  Drone, Overlord  
  35  3:36  Queen  
  35  3:39  Drone x3  
  35  3:40  Drone x2  
  40  3:48  Overlord x2  
  40  3:53  Roach Warren, Zergling x2  
  40  3:54  Zergling x6  
  43  4:02  Lair  
  44  4:05  Extractor  
  44  4:07  Drone x3  
  46  4:11  Queen  
  48  4:19  Drone x4  
  48  4:20  Drone x6  
  57  4:33  Drone x3  
  57  4:38  Extractor  
  59  4:41  Evolution Chamber  
  59  4:42  Evolution Chamber  
  57  4:57  Zergling x18  
  66  5:05  Baneling Nest  
  65  5:14  Burrow  
  65  5:18  Zerg Melee Weapons Level 1  
  65  5:23  Drone  
  65  5:25  Overlord x4  
  66  5:38  Overlord x2  
  66  5:40  Extractor  
  66  5:41  Extractor  
  66  5:42  Overlord x2  
  64  5:47  Overseer  
  64  5:52  Overseer  
  64  5:54  Centrifical Hooks  
  64  5:56  Zergling x20  
  64  5:57  Zergling x8  
  78  6:06  Drone x2  
  78  6:07  Extractor  
  78  6:10  Zergling x2  
  80  6:17  Spire  
  80  6:18  Baneling x2  
  79  6:19  Baneling x5  
  79  6:25  Drone x5  
  84  6:26  Drone  
  84  6:27  Drone  
  86  6:36  Zergling x2  
  86  6:37  Zergling x12  
  93  6:41  Baneling x12  
  93  6:42  Baneling  
  93  6:48  Overlord x2  
  93  6:49  Drone  
  94  6:54  Drone  
  94  7:01  Drone x2  
  97  7:17  Zergling x2  
  97  7:18  Zergling x14  
  104  7:24  Drone  
  104  7:25  Drone x5  
  110  7:32  Overlord x2  
  110  7:33  Overlord  
  110  7:39  Drone x3  
  113  7:44  Drone  
  113  7:45  Drone  
  113  7:47  Overlord  
  115  7:56  Infestation Pit  
  114  8:01  Overlord  
  114  8:02  Overlord  
  114  8:03  Drone x6  
  120  8:16  Overseer x4  
Show
View Real Time Build Order
Export as new Build Order

Fett Terran - Winner!

Build Orders: Command Center First (CC) 

Get SALT Encoding   

  12  0:00  SCV  
  13  0:13  SCV  
  14  0:17  Supply Depot  
  14  0:25  SCV  
  15  0:39  SCV  
  16  0:51  SCV  
  17  1:02  Command Center  
  17  1:05  SCV  
  18  1:17  Refinery  
  18  1:20  Barracks  
  18  1:25  SCV  
  19  1:37  SCV  
  20  1:40  Supply Depot  
  20  1:53  SCV  
  21  2:07  Orbital Command  
  21  2:11  Reaper  
  21  2:14  Orbital Command  
  22  2:22  Refinery  
  22  2:30  Barracks  
  22  2:33  SCV  
  23  2:41  SCV  
  23  2:43  Barracks Reactor  
  24  2:52  Barracks  
  24  2:54  SCV x2  
  24  3:18  SCV x2  
  26  3:20  Marine x2  
  26  3:21  Marine  
  28  3:38  Marine x2  
  28  3:39  Marine  
  30  3:51  SCV x2  
  32  3:56  Marine  
  32  3:59  Bunker  
  32  4:01  Supply Depot  
  32  4:02  Engineering Bay  
  33  4:03  SCV x2, Supply Depot  
  33  4:06  Barracks Reactor, Barracks Tech Lab  
  35  4:15  SCV x2  
  35  4:16  Marine x2  
  39  4:24  Refinery  
  39  4:25  Refinery  
  39  4:27  SCV x2  
  40  4:34  Marine x2  
  40  4:35  Marine  
  43  4:39  SCV x2  
  45  4:46  Factory  
  45  4:50  Stimpack  
  45  4:51  SCV x2, Marine x2  
  45  4:52  Marine x2  
  51  5:03  Terran Infantry Weapons Level 1, SCV x2  
  53  5:10  Engineering Bay  
  53  5:12  Supply Depot  
  53  5:15  SCV x2, Marine  
  53  5:16  Marine x2  
  58  5:23  Engineering Bay  
  58  5:25  Marine x2  
  58  5:27  SCV x2  
  62  5:33  Marine  
  62  5:34  Marine  
  64  5:35  Starport  
  64  5:36  Factory Reactor  
  64  5:39  SCV  
  64  5:40  SCV  
  66  5:44  Marine x3  
  69  5:52  SCV  
  70  6:02  Terran Infantry Armor Level 1  
  70  6:06  Command Center  
  70  6:10  Marine x2  
  70  6:11  SCV x2, Marauder  
  76  6:13  Supply Depot x2  
  76  6:14  Supply Depot  
  76  6:15  Supply Depot x2  
  76  6:23  SCV  
  77  6:25  Missile Turret  
  77  6:29  Missile Turret  
  77  6:32  Starport Reactor  
  77  6:34  Widow Mine x2  
  81  6:46  Marine x3  
  81  6:47  Marine x2  
  86  7:02  Widow Mine x2  
  90  7:14  Marine x5  
  95  7:16  Medivac x2  
  99  7:31  Marine, Widow Mine x2  
  99  7:32  Marine x4  
  99  7:35  Orbital Command  
  108  7:37  SCV x2  
  108  7:42  Armory  
  110  7:46  Medivac x2  
  110  7:49  SCV, Marine  
  110  7:50  Marine x4  
  120  7:59  Widow Mine x2  
  124  8:16  Medivac  
  124  8:17  Marine x5  
  131  8:20  Barracks  
  131  8:22  Barracks  
  131  8:23  Barracks  
  131  8:28  Widow Mine  
  133  8:45  Marine x2  
Tags
 
Add a new tag
Caveats
  • Supply blocks, unpowered buildings, or Contaminate may cause inaccurate times.
  • Supply counts are checked every 10 seconds.